[Event "Late-Titled-Tuesday-Blitz-January-16-2024"]
[Site "Chess.com"]
[Date "2024.01.16"]
[Round "6"]
[White "tolimachess"]
[Black "Alexei_Gubajdullin"]
[Result "1/2-1/2"]
[WhiteElo "2436"]
[BlackElo "2619"]
[TimeControl "180+1"]
[EndTime "15:05:36 PST"]
[Termination "Game drawn - insufficient material"]

1. e4 e5 2. Nc3 Nf6 3. g3 Nc6 4. Bg2 Bc5 5. h3 O-O 6. Nge2 Nd4 7. O-O c6 8. d3 d5 9. Bg5 Nxe2+ 10.
Qxe2 d4 11. Nb1 Be7 12. f4 Nd7 13. Bxe7 Qxe7 14. Nd2 f6 15. a4 a5 16. Nc4 b6 17.
fxe5 fxe5 18. Rxf8+ Qxf8 19. Rf1 Qe7 20. h4 Ba6 21. Nd2 Rf8 22. Bh3 Rxf1+ 23. Qxf1 Nc5 24. b3 Qf7 25. Nf3 Qf6 26. Kg2 g6 27. Qc1 Kg7 28.
Qg5 h6 29. Qxe5 Qxe5 30. Nxe5 Bb7 31. Nc4 Na6 32. Nxb6 Nb4 33. Be6 Nxc2 34. Bc4 Ne3+ 35.
Kf3 g5 36. hxg5 hxg5 37. e5 c5+ 38. Ke2 g4 39. Nd7 Bf3+ 40. Ke1 Kg6 41. Nxc5 Nd5 42. Ne6 Nb4 43. Nxd4 Bg2 44. Kd2 Bf1 45. Ke3 Bg2 46.
Kf4 Bf1 47. Kxg4 Bxd3 48. Bxd3+ Nxd3 49. Nf3 Nc5 50. Nd2 Nd3 51. Nc4 Kf7 52. Kf5 Ke7 53. g4 Nc5 54. Nxa5 Nd3 55. Nc4 Nb4 56. a5 Kf7 57. Nd6+ Ke7 58. Ne4 Nc6 59. a6 Nd4+ 60. Kg5 Ne6+ 61. Kf5 Nd4+ 62. Kf4 Ne6+ 63. Ke3 Nc7 64. a7 Ke6 65. Kd4 Nb5+ 66. Kc5 Nxa7 67. Kb6 Nc8+ 68. Kc7 Ne7 69. g5 Kxe5 70. Nc5 Kd5 71. Kd7 Ng6 72. Ne6 Ne5+ 73. Ke7 Kc6 74. Kf6 Nd7+ 75. Kf7 Kb5 76. g6 Ne5+ 77. Kf6 Nxg6 78.
Kxg6 Kb4 79. Nd4 Kc3 80. Ne2+ Kxb3 1/2-1/2

[Event "Late-Titled-Tuesday-Blitz-January-16-2024"]
[Site "Chess.com"]
[Date "2024.01.16"]
[Round "6"]
[White "KorolDimitriy75"]
[Black "Aguiar94"]
[Result "1-0"]
[WhiteElo "2366"]
[BlackElo "2514"]
[TimeControl "180+1"]
[EndTime "15:05:43 PST"]
[Termination "KorolDimitriy75 won by resignation"]

1. d4 Nf6 2. c4 e6 3. Nc3 Bb4 4. Qc2 Nc6 5. Nf3 d6 6. e4 Bxc3+ 7. bxc3 e5 8. Bd3 O-O 9. O-O Bg4 10. Be3 Bxf3 11. gxf3 Nh5 12. Kh1 Qf6 13. Qd1 exd4 14. cxd4 Nxd4 15. Rg1 Qxf3+ 16. Qxf3 Nxf3 17. Be2 Nxg1 18. Bxh5 Nh3 19. Bg4 Rae8 20. Bxh3 Rxe4 21. Rc1 f5 22.
Bg2 Re5 23. Bxb7 f4 24. Bd4 Re2 25. Bxa7 c5 26. Bd5+ Kh8 27. f3 Rxa2 28. Bb6 Ra6 29. Bc7 Re8 30. Rb1 g6 31. Rb8 Rxb8 32. Bxb8 Kg7 33.
Kg2 Kf6 34. Bc7 Ke5 35. Kh3 h5 36. Bd8 Ra3 37. Kg2 Ra2+ 38. Kh3 Rf2 39. Be7 Re2 40. Bd8 Rd2 41. Be7 Rxd5 42. cxd5 c4 43. Bf8 g5 44.
Kg2 g4 45. Kf2 Kxd5 46. Bg7 Kc5 47. Ke2 d5 48. Bf8+ Kb5 49. Bh6 d4 50. Bxf4 Kb4 51.
fxg4 hxg4 52. Be5 d3+ 53. Kd2 Kb3 54. Bc3 Ka3 55. Be5 Kb3 56. Bc3 Ka4 57. Be5 Kb5 58.
Kc3 Kc5 59. Bf4 Kd5 60. Bg3 Ke4 61. Bh4 Kf3 62. Bf6 Kg2 63. Be5 Kf2 64. Kd2 Kf3 65.
Bd6 Ke4 66. Bb4 Kf3 67. Bd6 Kf2 68. Bg3+ Kg2 69. Be5 Kf3 70. Bg3 Ke4 71. Bh4 Kd5 72. Bf6 g3 73. hxg3 Ke6 74. Bd4 Kf5 75. Be3 Ke4 76. Bf4 Kd4 77. Bg5 c3+ 78. Kd1 Kc4 79. Kc1 Kd4 80. Bf6+ Kc4 81. g4 Kb3 82. g5 d2+ 83. Kd1 Kc4 84. g6 Kd3 85. Bxc3 Kxc3 86. g7 1-0

[Event "Late-Titled-Tuesday-Blitz-January-16-2024"]
[Site "Chess.com"]
[Date "2024.01.16"]
[Round "6"]
[White "LevonAronian"]
[Black "rezamahdavi2008"]
[Result "1/2-1/2"]
[WhiteElo "3089"]
[BlackElo "2870"]
[TimeControl "180+1"]
[EndTime "15:06:14 PST"]
[Termination "Game drawn by repetition"]

1. e4 c5 2. Nf3 d6 3. c3 Nf6 4. Be2 g6 5. O-O Bg7 6. d3 O-O 7. Be3 Nc6 8. Nbd2 Ng4 9. Bg5 h6 10. Bh4 Rb8 11. d4 cxd4 12. cxd4 Bd7 13. d5 Nce5 14.
Nxe5 Nxe5 15. f4 g5 16. fxg5 Ng6 17. gxh6 Bxb2 18. Rb1 Bd4+ 19. Bf2 Bxf2+ 20. Rxf2 Qa5 21. Bh5 Qc5 22. Rb3 Kh7 23. Bxg6+ fxg6 24. Nf3 Ba4 25. Qa1 Kxh6 26. Rc3 Qb6 27. Nd4 Bd7 28. Rb3 Qc5 29. Rc2 Qa5 30. Nf5+ gxf5 31. Rh3+ Kg6 32. Rg3+ Kf7 33.
exf5 Rbc8 34. Qg7+ Ke8 35. Re3 Rf7 36. Qh8+ Rf8 37. Rxe7+ Kxe7 38. Re2+ Kd8 39. Qxf8+ Kc7 40. Rc2+ Kb8 41. Qxd6+ Ka8 42. Rxc8+ Bxc8 43. g4 Qxa2 44. Qc7 Qa1+ 45. Kg2 Qh8 46. d6 Qe8 47. h4 Bd7 48.
Kf3 Bc6+ 49. Kf4 a6 50. Qe7 Qh8 51. f6 Qh6+ 52. Kg3 Qd2 53. f7 Ka7 54. f8=Q Qg2+ 55.
Kf4 Qd2+ 56. Kf5 Qd3+ 57. Kg5 Qd2+ 58. Qf4 Qd5+ 59. Qee5 Qg8+ 60. Kf5 Qh7+ 61. Kf6 Qh8+ 62. Ke7 Qe8+ 63. Kf6 Qh8+ 64. Kg6 Be8+ 65. Qxe8 Qxe8+ 66. Qf7 Qe4+ 67. Qf5 Qe8+ 68. Kg5 Qd8+ 69. Qf6 Qa5+ 70. Kh6 Qd2+ 71. g5 a5 72. Kh7 a4 73. g6 Qd3 74.
Kh8 Qd5 75. Kg7 a3 76. Qf2+ Ka8 77. Qf8+ Ka7 78. Qf2+ Ka8 79. Qg3 a2 80. Qa3+ Kb8 81.
h5 Qe5+ 82. Kh6 a1=Q 83. Qxa1 Qxa1 84. g7 Qf6+ 85. Kh7 Qf7 86. h6 Kc8 87. Kh8 Qf6 88. Kh7 Qf5+ 89. Kh8 Qe5 90. Kh7 Qe4+ 91. Kh8 Qd4 92.
Kh7 Qe4+ 93. Kh8 Qe5 94. Kh7 Qf5+ 95. Kh8 Qf6 96. Kh7 Qf7 97. Kh8 Qf6 1/2-1/2

[Event "Late-Titled-Tuesday-Blitz-January-16-2024"]
[Site "Chess.com"]
[Date "2024.01.16"]
[Round "6"]
[White "RCone"]
[Black "koncheto"]
[Result "1-0"]
[WhiteElo "2439"]
[BlackElo "2562"]
[TimeControl "180+1"]
[EndTime "15:06:59 PST"]
[Termination "RCone won by resignation"]

1. e4 e5 2. Bc4 Nf6 3. Nc3 c6 4. d4 d6 5. dxe5 dxe5 6. Qxd8+ Kxd8 7.
Bxf7 Bb4 8. f3 Ke7 9. Bb3 Be6 10. Ne2 Nbd7 11. Be3 Nc5 12. Bxe6 Nxe6 13. O-O-O g5 14.
Ng3 Rad8 15. Nf5+ Kf7 16. Ne2 b6 17. c3 Rxd1+ 18. Rxd1 Be7 19. Nxe7 Kxe7 20. Ng3 g4 21. Nf5+ Kf7 22. Nh6+ Ke7 23. Nxg4 Nxg4 24. fxg4 Rg8 25. h3 h5 26. gxh5 Rxg2 27. Rg1 Re2 28. Bg5+ Kf7 29.
Rg4 Nxg5 30. Rxg5 Rxe4 31. Rg4 Re3 32. Rh4 Kg7 33. h6+ Kh7 34. Kd2 Rg3 35. Rh5 Rg2+ 36. Kd3 Rxb2 37. Rxe5 Rxa2 38. Re6 c5 39. Kc4 Rh2 40.
Re7+ Kxh6 41. Rxa7 Rxh3 42. Rb7 Kg5 43. Rxb6 Kf5 44.
Rd6 Ke5 45. Rd8 Ke6 46. Rd1 Ke7 47. Rd5 Ke6 48. Rxc5 Kd6 49. Rc8 Kd7 50. Rc5 Kd6 51. Rc8 Rh5 52. Kb4 Kd7 53. Rc5 Rh4+ 54. c4 Kd6 55.
Rc8 Kd7 56. Rc5 Kd6 57. Rc8 Rh1 58. Rg8 Rb1+ 59. Kc3 Kc5 60. Rg5+ Kc6 61. Rg6+ Kc5 62. Rg5+ Kb6 63. Kd4 Rd1+ 64. Ke4 Kc6 65. Ra5 Re1+ 66. Kd4 Rd1+ 67. Kc3 Rb1 68. Ra6+ Kc5 69. Ra5+ Kd6 70. Rh5 Rg1 71. Kb4 Kc6 72. Rh6+ Kc7 73. Kb5 Rg4 74. Rh7+ Kc8 75. c5 Rg6 76. Rh8+ Kc7 77. Rh7+ Kc8 78.
c6 Rg1 79. Kb6 Rb1+ 80. Kc5 Rc1+ 81. Kd6 Rd1+ 82. Kc5 Rd2 83. Rh8+ Kc7 84. Rh7+ Kc8 85. Rh8+ Kc7 86. Rh7+ Kb8 87. Rb7+ Kc8 88. Rh7 Rc2+ 89.
Kd6 Rd2+ 90. Kc5 Rf2 91. Rg7 Rc2+ 92. Kb6 Rb2+ 93. Kc5 Rh2 94. Kd6 Rd2+ 95. Kc5 Kd8 96. Rg8+ Kc7 97. Rg7+ Kb8 98. Kb6 Rb2+ 99. Kc5 Kc8 100.
Kd6 Rd2+ 101. Kc5 Rd1 102. Rg5 Ra1 103. Kd6 Rd1+ 104. Kc5 Kc7 105. Rg7+ Kb8 106. Rg8+ Kc7 107. Rg7+ Kc8 108. Kb6 Rb1+ 109. Kc5 Ra1 110. Rg8+ Kc7 111. Rg7+ Kc8 112. Kd6 Rd1+ 113. Kc5 Rh1 114. Kb6 Rb1+ 115. Kc5 Rg1 116. Rxg1 1-0

[Event "Late-Titled-Tuesday-Blitz-January-16-2024"]
[Site "Chess.com"]
[Date "2024.01.16"]
[Round "6"]
[White "Ticondriul"]
[Black "Nf3c5"]
[Result "1-0"]
[WhiteElo "2734"]
[BlackElo "2556"]
[TimeControl "180+1"]
[EndTime "15:10:01 PST"]
[Termination "Ticondriul won by resignation"]

1. e4 d6 2. d4 Nf6 3. Nc3 e5 4. Nf3 exd4 5. Nxd4 Be7 6. Be2 O-O 7. O-O Re8 8. a4 Bf8 9. Bg5 a5 10. Nd5 Nbd7 11.
Nb5 c6 12. Ndc7 cxb5 13. Nxa8 h6 14. Be3 b6 15. Bxb5 Bb7 16. Nxb6 Nxb6 17. Bxe8 Nxe8 18. f3 Nc4 19. Bd4 d5 20. b3 Ncd6 21. e5 Nf5 22. c3 Nc7 23. Qd3 Nxd4 24. cxd4 Ne6 25. f4 Qb6 26. Rad1 Ba6 27. Qc3 Bxf1 28. Kxf1 Bb4 29.
Qc8+ Kh7 30. Qc2+ Kg8 31. Qd3 Nxf4 32. Qf3 Ne6 33. Qxd5 Nf4 34. Qa8+ Bf8 35. Qf3 Qa6+ 36. Kf2 Ne6 37. d5 Bc5+ 38. Kg3 Ng5 39. Qd3 Qb6 40. Rd2 Be3 41. Re2 Bd4 42. h4 Nh7 43. Re4 Bc5 44. d6 Nf8 45. d7 Be7 46. Rc4 Bd8 47. Rc8 Ne6 48. Kh2 h5 49. Ra8 g6 50. Qd2 Qc5 51. Qd6 Qf2 52. Rxd8+ Nxd8 53. Kh3 Qe3+ 54. g3 Qe2 55.
Qf6 Ne6 56. d8=Q+ Nxd8 57. Qxd8+ Kg7 58. Qd4 Qf1+ 59. Kh2 Qe2+ 60. Kg1 Qe1+ 61. Kg2 Qe2+ 62. Qf2 Qxe5 63. Qf3 Qb2+ 64. Kh3 Qc1 65. Qd5 Qf1+ 66. Kh2 Qa1 67. Qf3 Qb2+ 68. Kh3 Qc1 69. g4 hxg4+ 70. Kxg4 Qg1+ 71. Kf4 Qc1+ 72. Ke4 Qc7 73. Qd3 Qh2 74. Qd4+ Kh7 75. Kd3 Qg3+ 76. Kc4 Qb8 77. Qd5 Qb4+ 78. Kd3 Kg8 79. Qc4 Qd6+ 80. Kc3 Qg3+ 81. Kb2 Qf2+ 82. Ka3 Qe1 83. Ka2 Qd2+ 84. Kb1 Qe1+ 85. Kb2 Qd2+ 86. Qc2 Qd4+ 87. Ka2 Qe5 88. Qc8+ Kg7 89. Qc4 Qh2+ 90.
Ka3 Qg1 91. Qc3+ Kg8 92. Qxa5 Qa1+ 93. Kb4 Qd4+ 94. Kb5 Qd5+ 95. Kb6 Qd8+ 96. Kb5 Qd5+ 97. Ka6 Qa8+ 98. Kb6 Qb8+ 99. Kc6 Qxb3 100. Qb5 Qe6+ 101. Kc7 Qe7+ 102. Kb6 Qd8+ 103. Kc6 Qe8+ 104. Kc5 Qe5+ 105. Kb4 Qd4+ 106. Qc4 Qb2+ 107. Qb3 Qd4+ 108. Ka3 Qc5+ 109. Qb4 Qe3+ 110. Kb2 Qe2+ 111. Kb3 Qd3+ 112. Qc3 Qb1+ 113. Kc4 Qe4+ 114. Qd4 Qc2+ 115. Kb5 Qb3+ 116. Qb4 Qd5+ 117. Ka6 Qa8+ 118. Kb6 Qb8+ 119. Kc5 Qf8+ 120. Kc4 Qc8+ 121. Qc5 Qe6+ 122. Kb5 Qb3+ 123. Ka5 Qe6 124. Qb6 Qe2 125. Qd8+ Kg7 126. Qd4+ Kg8 127. Kb6 Qe6+ 128. Kb5 Qe8+ 129. Kb4 Qb8+ 130. Kc4 Qc7+ 131. Qc5 Qf4+ 132. Kb5 Qb8+ 133. Qb6 Qe5+ 134. Ka6 Qe2+ 135. Ka7 Qe4 136. a5 Qxh4 137. a6 Qe7+ 138. Ka8 Qe4+ 139. Qb7 Qc4 140. a7 Kh7 141. Kb8 Qf4+ 142. Qc7 Qb4+ 143. Kc8 Qe4 144. Qb7 Qe8+ 145. Kc7 Qe7+ 146. Kc6 Qe6+ 147. Kb5 Qb3+ 148. Kc6 Qf3+ 149. Kc7 Qc3+ 150. Qc6 Qa5+ 151. Kb7 Qb4+ 152. Kc8 Qf8+ 153. Kd7 Qa3 154. a8=Q Qh3+ 155. Kc7 Qg3+ 156. Kc8 Qg4+ 157. Qd7 Qc4+ 158. Qc7 Qe6+ 159. Kb8 Qe8+ 160. Qc8 Qb5+ 161. Qab7 Qe5+ 162.
Qcc7 Qe8+ 163. Ka7 Qa4+ 164. Qa6 Qd4+ 165. Qab6 Qa4+ 166. Kb8 Qe4 167. Qxf7+ Kh6 168. Qf8+ Kh5 169. Qbc5+ g5 170. Qf7+ Kh4 171. Qcc4 Qxc4 172. Qxc4+ g4 173. Qf4 Kh3 174. Kc7 g3 175. Qh6+ Kg2 176. Kd6 Kf2 177. Qf4+ Kg2 178. Ke5 Kh1 179. Qh4+ Kg2 180. Ke4 Kf2 181. Qf4+ Kg2 182. Ke3 Kh1 183. Qh4+ Kg2 184. Ke2 Kg1 185. Qxg3+ Kh1 186. Qf3+ 1-0

[Event "Late-Titled-Tuesday-Blitz-January-16-2024"]
[Site "Chess.com"]
[Date "2024.01.16"]
[Round "7"]
[White "MathiasWomacka"]
[Black "MasterofMasters2006"]
[Result "1-0"]
[WhiteElo "2548"]
[BlackElo "2246"]
[TimeControl "180+1"]
[EndTime "15:12:21 PST"]
[Termination "MathiasWomacka won by resignation"]

1. e4 e5 2. Nf3 Nc6 3. Bb5 a6 4. Bxc6 dxc6 5. O-O f6 6. d4 exd4 7. Nxd4 c5 8. Ne2 Qxd1 9. Rxd1 Bd6 10. Bf4 Bxf4 11.
Nxf4 Ne7 12. Nc3 c6 13. Na4 O-O 14. Nxc5 Kf7 15. Nd7 Bxd7 16. Rxd7 Rfd8 17. Rad1 Ke8 18. Rxd8+ Rxd8 19. Rxd8+ Kxd8 20. Ne6+ 1-0

[Event "Late-Titled-Tuesday-Blitz-January-16-2024"]
[Site "Chess.com"]
[Date "2024.01.16"]
[Round "7"]
[White "dosto07"]
[Black "carloseduar100"]
[Result "1-0"]
[WhiteElo "2535"]
[BlackElo "2299"]
[TimeControl "180+1"]
[EndTime "15:12:22 PST"]
[Termination "dosto07 won by resignation"]

1. e4 e6 2. d4 d5 3. Nd2 c5 4. exd5 Qxd5 5. Ngf3 cxd4 6. Bc4 Qd7 7.
O-O Nc6 8. Nb3 Nf6 9. Nbxd4 Nxd4 10. Nxd4 a6 11. Bb3 Bd6 12. Re1 Qc7 13. h3 O-O 14.
Qf3 e5 15. Ne2 Re8 16. Bg5 e4 17. Qc3 Qxc3 18. Nxc3 Be5 19. Bxf6 Bxf6 20. Nxe4 Bxb2 21. Nf6+ 1-0

[Event "Late-Titled-Tuesday-Blitz-January-16-2024"]
[Site "Chess.com"]
[Date "2024.01.16"]
[Round "7"]
[White "Championnn-9"]
[Black "diamonds13"]
[Result "1-0"]
[WhiteElo "2540"]
[BlackElo "2360"]
[TimeControl "180+1"]
[EndTime "15:12:56 PST"]
[Termination "Championnn-9 won by resignation"]

1. e4 c5 2. Nc3 Nc6 3. Bb5 g6 4. Bxc6 dxc6 5. f4 Bg7 6. Nf3 Nf6 7. d3 Nd7 8. O-O Nf8 9. Be3 Ne6 10. Kh1 Nd4 11.
a3 Bg4 12. Rb1 a5 13. Qd2 e6 14. Ne5 h5 15. h3 Qe7 16. b4 cxb4 17. Bxd4 bxc3 18.
Qxc3 O-O-O 19. Nxc6 Bxd4 20. Nxe7+ Kb8 21. Qc6 1-0

[Event "Late-Titled-Tuesday-Blitz-January-16-2024"]
[Site "Chess.com"]
[Date "2024.01.16"]
[Round "7"]
[White "Too_Stupid_To_Play"]
[Black "santosalberto1987"]
[Result "0-1"]
[WhiteElo "2306"]
[BlackElo "2491"]
[TimeControl "180+1"]
[EndTime "15:13:00 PST"]
[Termination "santosalberto1987 won by resignation"]

1. d4 Nf6 2. Bf4 g6 3. Nc3 d5 4. e3 Bg7 5. h4 c5 6. h5 Nxh5 7. Rxh5 gxh5 8. Qxh5 e6 9. O-O-O cxd4 10. exd4 a6 11. Nf3 Nc6 12. Ng5 Qf6 13. Be5 Nxe5 14. dxe5 Qg6 15. Qh4 Bxe5 16. Bd3 Qg7 17. Na4 Bf6 18.
f4 h6 19. Rh1 hxg5 0-1

[Event "Late-Titled-Tuesday-Blitz-January-16-2024"]
[Site "Chess.com"]
[Date "2024.01.16"]
[Round "7"]
[White "NMJeevanK"]
[Black "MeisterJabo"]
[Result "1-0"]
[WhiteElo "2586"]
[BlackElo "2315"]
[TimeControl "180+1"]
[EndTime "15:13:44 PST"]
[Termination "NMJeevanK won by resignation"]

1. e4 e5 2. Nf3 Nc6 3. Bc4 Nf6 4. d3 d5 5. exd5 Nxd5 6. O-O Nb6 7. Bb3 Bg4 8. h3 Bh5 9. Nbd2 Qd7 10. Nxe5 Qf5 11. g4 Bxg4 12. hxg4 Qf6 13. Nxc6 bxc6 14. Qf3 Qe7 15. Qxc6+ 1-0

[Event "Late-Titled-Tuesday-Blitz-January-16-2024"]
[Site "Chess.com"]
[Date "2024.01.16"]
[Round "7"]
[White "Matrix3x3a"]
[Black "djano"]
[Result "0-1"]
[WhiteElo "2471"]
[BlackElo "2632"]
[TimeControl "180+1"]
[EndTime "15:13:46 PST"]
[Termination "djano won by resignation"]

1. d4 Nf6 2. c4 g6 3. Nc3 d5 4. cxd5 Nxd5 5. e4 Nxc3 6. bxc3 Bg7 7. Bc4 O-O 8. Ne2 Nc6 9. Be3 Na5 10. Bd3 c5 11.
O-O b6 12. d5 e6 13. c4 exd5 14. exd5 Re8 15. Rc1 Nb7 16. Ng3 Nd6 17. Qd2 f5 18.
Bg5 Bf6 19. Bxf6 Qxf6 20. Rfe1 Bd7 21. Nf1 Qd4 22. Qc2 Kg7 23. Nd2 Rxe1+ 24. Rxe1 Re8 25. Rxe8 Bxe8 26. Nf3 Qa1+ 27. Qb1 Qxb1+ 28. Bxb1 Nxc4 0-1

[Event "Late-Titled-Tuesday-Blitz-January-16-2024"]
[Site "Chess.com"]
[Date "2024.01.16"]
[Round "7"]
[White "SanchezKelvin"]
[Black "szachmistrz2500"]
[Result "0-1"]
[WhiteElo "2552"]
[BlackElo "2443"]
[TimeControl "180+1"]
[EndTime "15:14:22 PST"]
[Termination "szachmistrz2500 won by resignation"]

1. e4 c5 2. Nf3 d6 3. d4 cxd4 4. Nxd4 Nf6 5. Nc3 a6 6. Bg5 e6 7. f4 h6 8. Bxf6 Qxf6 9. Qd2 Nc6 10. Nf3 g5 11. fxg5 hxg5 12. Qxg5 Qxg5 13. Nxg5 Bh6 14. Nf3 b5 15. a3 Bb7 16. Rd1 Ke7 17. Bd3 Rac8 18.
O-O Be3+ 19. Kh1 Rh6 20. Rde1 Bb6 21. e5 Nxe5 22. Nxe5 dxe5 23. Be4 Bxe4 24. Rxe4 Bd4 25. Rf3 f5 26. Re2 e4 27. Rg3 Be5 28. Rh3 Rxh3 29.
gxh3 Bxc3 0-1

[Event "Late-Titled-Tuesday-Blitz-January-16-2024"]
[Site "Chess.com"]
[Date "2024.01.16"]
[Round "7"]
[White "nindjaxx8"]
[Black "Godzillator"]
[Result "1-0"]
[WhiteElo "2553"]
[BlackElo "2332"]
[TimeControl "180+1"]
[EndTime "15:14:38 PST"]
[Termination "nindjaxx8 won by resignation"]

1. d3 d5 2. Nf3 Nf6 3. Bf4 c6 4. Nbd2 Bg4 5. e3 Nbd7 6. Be2 e6 7. O-O Be7 8. d4 O-O 9. c4 Re8 10. Rc1 Bf8 11. h3 Bh5 12. cxd5 exd5 13. Ne5 Bxe2 14. Qxe2 Nxe5 15. Bxe5 Nd7 16. Bg3 f5 17. Qd3 g6 18.
a3 Nf6 19. b4 Ne4 20. Nxe4 fxe4 21. Qb3 a6 22. a4 Qb6 23. Rb1 Ra7 24. Rfc1 Rea8 25. Be5 a5 26. b5 Bb4 27. Rc2 cxb5 28. Qxd5+ Kf8 29. Rc7 Be7 30. Bg7+ Kxg7 31. Rxe7+ Kh6 32.
Qf7 Qd6 33. Qxh7+ Kg5 34. Rxb5+ 1-0

[Event "Late-Titled-Tuesday-Blitz-January-16-2024"]
[Site "Chess.com"]
[Date "2024.01.16"]
[Round "7"]
[White "FMOlexandrProhorov"]
[Black "milenapn"]
[Result "1-0"]
[WhiteElo "2327"]
[BlackElo "2005"]
[TimeControl "180+1"]
[EndTime "15:14:43 PST"]
[Termination "FMOlexandrProhorov won by resignation"]

1. d4 Nf6 2. c4 g6 3. Nc3 d5 4. cxd5 Nxd5 5. Na4 Bg7 6. e4 Nb6 7. Nf3 O-O 8. Be3 Bd7 9. Nc5 Bc8 10. Be2 Nc6 11. h3 e5 12. d5 Nd4 13. Nxd4 exd4 14.
Bxd4 Bxd4 15. Qxd4 c6 16. d6 Re8 17. O-O Nd7 18.
Rad1 Qg5 19. Nxd7 Bxd7 20. f4 Qa5 21. a3 c5 22. Qd3 Bc6 23. Bf3 b5 24. e5 Bxf3 25.
Qxf3 Qb6 26. Qd5 a5 27. f5 c4+ 28. Kh1 Qe3 29. Rde1 Qg3 30. e6 1-0

[Event "Late-Titled-Tuesday-Blitz-January-16-2024"]
[Site "Chess.com"]
[Date "2024.01.16"]
[Round "7"]
[White "NoHeThTo"]
[Black "tptagain"]
[Result "0-1"]
[WhiteElo "2709"]
[BlackElo "2954"]
[TimeControl "180+1"]
[EndTime "15:14:47 PST"]
[Termination "tptagain won by resignation"]

1. d4 d5 2. Nc3 e6 3. Bf4 Bb4 4. Qd3 c5 5. a3 c4 6. Qg3 Bxc3+ 7.
Qxc3 Nc6 8. Nf3 Nf6 9. Ne5 Ne4 10. Nxc6 bxc6 11. Qb4 a5 12. Qa4 Qb6 13. f3 Qxb2 14.
Qxc6+ Bd7 15. Qxa8+ Ke7 16. Bd6+ Kf6 17. Be5+ Kg6 18.
fxe4 Qxa1+ 19. Kf2 Rxa8 20. exd5 exd5 21. e3 Qc3 22. h4 Qxc2+ 23. Kg3 h5 0-1

[Event "Late-Titled-Tuesday-Blitz-January-16-2024"]
[Site "Chess.com"]
[Date "2024.01.16"]
[Round "7"]
[White "RuleOfTwo"]
[Black "RCone"]
[Result "1-0"]
[WhiteElo "2578"]
[BlackElo "2434"]
[TimeControl "180+1"]
[EndTime "15:14:55 PST"]
[Termination "RuleOfTwo won on time"]

1. d4 g6 2. Nc3 Bg7 3. h4 d6 4. h5 Nf6 5. h6 Bf8 6. Bg5 Nbd7 7. e4 c6 8. Nf3 Qa5 9. Qd2 e6 10. Bd3 e5 11. O-O-O Be7 12. Kb1 O-O 13. dxe5 dxe5 14. Nd5 Qd8 15. Nxe7+ Qxe7 16. Bc4 b5 17. Bb3 1-0

[Event "Late-Titled-Tuesday-Blitz-January-16-2024"]
[Site "Chess.com"]
[Date "2024.01.16"]
[Round "7"]
[White "yaguigor"]
[Black "alexrustemov"]
[Result "0-1"]
[WhiteElo "2629"]
[BlackElo "2853"]
[TimeControl "180+1"]
[EndTime "15:15:00 PST"]
[Termination "alexrustemov won by resignation"]

1. e4 e6 2. d4 d5 3. Nc3 dxe4 4. Nxe4 Bd7 5. Nf3 Bc6 6. Bd3 Nd7 7. O-O Ngf6 8.
Ned2 Be7 9. b3 O-O 10. Bb2 b5 11. Qe2 b4 12. a3 a5 13. Nc4 Bd5 14. Nfe5 c6 15. axb4 axb4 16. Rxa8 Qxa8 17. Ra1 Qb7 18. Na5 Qc7 19. Nac4 h6 20. h3 Rb8 21. Qe1 Nxe5 22.
dxe5 Nd7 23. f4 Nc5 24. Qe3 Nxd3 25. Qxd3 Rd8 26. Qe3 c5 27. Rd1 Bxc4 28. Rxd8+ Qxd8 29. bxc4 Qd1+ 30. Kh2 Qxc2 31. Qc1 Qe4 32. Qd2 Qxc4 33.
Kg3 Qd5 34. Qe2 c4 0-1

[Event "Late-Titled-Tuesday-Blitz-January-16-2024"]
[Site "Chess.com"]
[Date "2024.01.16"]
[Round "7"]
[White "HaryKane"]
[Black "IPAchess"]
[Result "1-0"]
[WhiteElo "2558"]
[BlackElo "2386"]
[TimeControl "180+1"]
[EndTime "15:15:02 PST"]
[Termination "HaryKane won by resignation"]

1. d4 d5 2. c4 e6 3. Nc3 Nf6 4. Nf3 Bb4 5. cxd5 exd5 6. Bg5 Nbd7 7.
e3 h6 8. Bh4 g5 9. Bg3 Ne4 10.
Rc1 h5 11. h3 Bxc3+ 12. bxc3 Nxg3 13. fxg3 c6 14. Bd3 Nf8 15. O-O f6 16. e4 Be6 17. Re1 Qd7 18. exd5 cxd5 19. Qb3 Kf7 20. c4 Kg7 21. cxd5 Bxd5 22. Bc4 Bxf3 23. Qxf3 Ng6 24. Be6 Qxd4+ 25. Kh2 Qd6 26. Rcd1 g4 27. Qxb7+ Qe7 28. Rd7 1-0

[Event "Late-Titled-Tuesday-Blitz-January-16-2024"]
[Site "Chess.com"]
[Date "2024.01.16"]
[Round "7"]
[White "glebus008"]
[Black "AldokhinIvan"]
[Result "0-1"]
[WhiteElo "2328"]
[BlackElo "2588"]
[TimeControl "180+1"]
[EndTime "15:15:07 PST"]
[Termination "AldokhinIvan won by checkmate"]

1. a3 d5 2. d4 Nf6 3. Nf3 c5 4. e3 Nc6 5. Be2 Bf5 6. c4 e6 7.
Nc3 Bd6 8. dxc5 Bxc5 9. b4 Bd6 10. Bb2 O-O 11. cxd5 exd5 12. Nd4 Bd7 13. Ndb5 Be5 14.
f4 Bxc3+ 15. Nxc3 Qb6 16. Nxd5 Nxd5 17. Qxd5 Qxe3 18. Qxd7 Rad8 19. Qxb7 Rd2 20. Qa6 Rxb2 21. Qd3 Re8 22. Qxe3 Rxe3 23. O-O-O Rexe2 24. Rhe1 Rec2# 0-1

[Event "Late-Titled-Tuesday-Blitz-January-16-2024"]
[Site "Chess.com"]
[Date "2024.01.16"]
[Round "7"]
[White "GMFYHR1"]
[Black "chegueps"]
[Result "0-1"]
[WhiteElo "2465"]
[BlackElo "2686"]
[TimeControl "180+1"]
[EndTime "15:15:09 PST"]
[Termination "chegueps won by resignation"]

1. e4 Nf6 2. e5 Nd5 3. d4 d6 4.
Nf3 g6 5. Be2 Bg7 6. O-O O-O 7. c4 Nb6 8. h3 Nc6 9. exd6 cxd6 10.
Nc3 Bf5 11. Be3 d5 12. c5 Nc4 13. Bxc4 dxc4 14. Qa4 Bd3 15. Rfe1 Nxd4 16. Nxd4 Bxd4 17. Bxd4 Qxd4 18. Rxe7 Qxc5 19. Rxb7 Rab8 20. Qxa7 Qxa7 21. Rxa7 Rxb2 22. a4 Rb3 23. Nd5 c3 24. Kh2 c2 25.
Nf4 Rb1 26. Nxd3 Rxa1 27. Rc7 Rd8 0-1

[Event "Late-Titled-Tuesday-Blitz-January-16-2024"]
[Site "Chess.com"]
[Date "2024.01.16"]
[Round "7"]
[White "ImportedItalianMaple"]
[Black "Filipets"]
[Result "0-1"]
[WhiteElo "2417"]
[BlackElo "2570"]
[TimeControl "180+1"]
[EndTime "15:15:12 PST"]
[Termination "Filipets won by resignation"]

1. e4 d6 2. d4 Nf6 3. Nc3 Nbd7 4. f4 e5 5. Nf3 exd4 6. Qxd4 c6 7. Be3 d5 8. e5 Ng4 9. Bg1 Bc5 10. Qd2 Qb6 11. Bxc5 Nxc5 12. O-O-O Ne4 13. Nxe4 dxe4 14. Nd4 e3 15.
Qc3 Nf2 16. Bc4 Nxh1 17. Rxh1 O-O 18. f5 Rd8 19. Rd1 c5 20. Nf3 Rxd1+ 21. Kxd1 Bxf5 22. Ke2 Qg6 23. Ne1 Qh5+ 24. Nf3 Qg4 25. Bd5 Rd8 26. Kxe3 Rxd5 0-1

[Event "Late-Titled-Tuesday-Blitz-January-16-2024"]
[Site "Chess.com"]
[Date "2024.01.16"]
[Round "7"]
[White "katharinareinecke"]
[Black "McCarthyStone"]
[Result "0-1"]
[WhiteElo "2018"]
[BlackElo "2299"]
[TimeControl "180+1"]
[EndTime "15:15:13 PST"]
[Termination "McCarthyStone won by resignation"]

1. d4 d5 2. c4 c6 3. Nf3 dxc4 4.
g3 Nd7 5. Bg2 Ngf6 6. O-O e6 7.
Nbd2 b5 8. a4 Bb7 9. Ne5 Nxe5 10. dxe5 Nd5 11. e4 Nb4 12. b3 c3 13. Nf3 Qxd1 14.
Rxd1 Bc5 15. Ba3 O-O 16. Bxb4 Bxb4 17. Rd7 Rad8 18. Rxb7 c2 19. Rxa7 Rd1+ 0-1

[Event "Late-Titled-Tuesday-Blitz-January-16-2024"]
[Site "Chess.com"]
[Date "2024.01.16"]
[Round "7"]
[White "platy3"]
[Black "jinbojinbo"]
[Result "1-0"]
[WhiteElo "2885"]
[BlackElo "2647"]
[TimeControl "180+1"]
[EndTime "15:15:14 PST"]
[Termination "platy3 won by checkmate"]

1. e4 c5 2. Nf3 d6 3. Bb5+ Bd7 4. Bxd7+ Qxd7 5. O-O Nc6 6. c3 Nf6 7. Qe2 e6 8. d4 cxd4 9. cxd4 d5 10. e5 Ne4 11.
Nbd2 Nxd2 12. Bxd2 Be7 13. g3 O-O 14. Rac1 Rfc8 15. h4 Qd8 16. h5 h6 17. Kg2 Rc7 18. a3 Rac8 19. b4 a6 20. g4 Na7 21. Qd3 Rxc1 22. Rxc1 Rxc1 23. Bxc1 Qc8 24. Qb1 Nb5 25. g5 hxg5 26. Bxg5 Bf8 27. Bd2 Be7 28. Bg5 Qd8 29. Bxe7 Qxe7 30. Qc1 Qc7 31. Qg5 Qc2 32. Qd8+ Kh7 33.
Ng5+ Kh6 34. Nxf7+ Kxh5 35. Qg5# 1-0

[Event "Late-Titled-Tuesday-Blitz-January-16-2024"]
[Site "Chess.com"]
[Date "2024.01.16"]
[Round "7"]
[White "TEREZANA"]
[Black "ChessicallyInclined"]
[Result "1-0"]
[WhiteElo "2528"]
[BlackElo "2702"]
[TimeControl "180+1"]
[EndTime "15:15:16 PST"]
[Termination "TEREZANA won by resignation"]

1. d4 d5 2. Nf3 c6 3. c3 Bf5 4. Bf4 Nd7 5. Nbd2 e6 6. e3 Be7 7. h3 h6 8. Qb3 b5 9. a4 a6 10.
Be2 Nb6 11. Ne5 Qc8 12. O-O Nxa4 13. Bh5 g6 14. Bf3 f6 15. e4 fxe5 16. Bxe5 dxe4 17. Nxe4 Rh7 18. c4 Nb6 19. cxb5 axb5 20. g4 Rxa1 21. Rxa1 Bxe4 22. Bxe4 Kf7 23. Bxg6+ Kxg6 24. Qd3+ Kf7 25. Qxh7+ Ke8 26. Qxg8+ 1-0